 Dungeon Crawl Stone Soup version 0.25-b1-37-g2669288c55 (webtiles) character file.

Game seed: 17170271054684045830

233 Acheron the Sneak (level 6, -6/32 HPs)
             Began as a Vine Stalker Assassin on June 5, 2020.
             Mangled by a hippogriff (9 damage)
             ... on level 4 of the Dungeon.
             The game lasted 00:15:05 (2797 turns).

Acheron the Sneak (Vine Stalker Assassin)           Turns: 2797, Time: 00:15:06

Health: -6/32      AC:  4    Str: 13    XL:     6   Next: 5%
Magic:  0/8        EV: 12    Int: 13    God:
Gold:   145        SH:  0    Dex: 16    Spells: 7/7 levels left

rFire    . . .     SeeInvis .   i - +3 trident (venom)
rCold    . . .     Gourm    .   (no shield)
rNeg     . . .     Faith    .   x - +0 leather armour
rPois    .         Spirit   +   (no helmet)
rElec    .         Reflect  .   c - +0 cloak
rCorr    .         Harm     .   (no gloves)
MR       .....                  (no boots)
Stlth    +++.......             (no amulet)
HPRegen  0.50/turn              h - ring of flight
MPRegen  0.11/turn              (no ring)

@: about to teleport
A: fangs 2, regeneration 1, magic shield, antimagic bite, no potion heal 3, rot
immunity
a: Evoke Flight


You were on level 4 of the Dungeon.
You were not hungry.

You visited 1 branch of the dungeon, and saw 4 of its levels.

You collected 145 gold pieces.

Inventory:

Hand Weapons
 a - a +2 dagger
 i - a +3 trident of venom (weapon)
Missiles
 d - 21 poisoned darts (quivered)
 e - 2 curare-tipped darts
 o - 18 sling bullets
 q - 71 stones
 y - 7 boomerangs
Armour
 b - a +0 robe
 c - a +0 cloak (worn)
 s - a +0 ring mail
 t - a +0 pair of gloves
 x - a +0 leather armour (worn)
Jewellery
 h - a ring of flight (left hand)
Scrolls
 g - 2 scrolls of identify {unknown}
 j - a scroll of random uselessness {unknown}
 l - a scroll of enchant armour {unknown}
 m - 2 scrolls of enchant weapon
 v - 2 scrolls of remove curse
 z - a scroll of teleportation
Potions
 k - 2 potions of degeneration {unknown}
 n - 2 potions of curing {unknown}
 r - a potion of ambrosia {unknown}
 u - a potion of might {unknown}
 w - a potion of heal wounds {unknown}
 A - a potion of stabbing {unknown}
Comestibles
 f - 5 rations
 p - a chunk of flesh


   Skills:
 * Level 2.4 Fighting
 * Level 2.5 Short Blades
 * Level 1.8 Polearms
 * Level 2.1 Throwing
 * Level 0.6 Armour
 * Level 1.5 Dodging
 * Level 6.2 Stealth
 * Level 1.1 Spellcasting
 * Level 0.8 Evocations


You had 7 spell levels left.
You didn't know any spells.
Your spell library was empty.

Dungeon Overview and Level Annotations

Branches:
Dungeon (4/15)
 Temple: D:4-7

Altars:
Elyvilon
Uskayaw
The Shining One


Innate Abilities, Weirdness & Mutations

You have extremely sharp teeth.
Your natural rate of healing is unusually fast.
When hurt, damage is shared between your health and your magic reserves.
Your bite disrupts and absorbs the magic of your enemies.
Potions cannot restore your health.
You are immune to rotting.


Message History

The hippogriff misses you.
You barely miss the hippogriff. The hippogriff closely misses you.
The hippogriff pecks you but does no damage.
The hippogriff claws you.
The hippogriff bites you but does no damage.
The hippogriff pecks you. The hippogriff claws you.
Your leather armour prevents you from hitting the hippogriff.
The hippogriff bites you! The hippogriff closely misses you.
The hippogriff claws you but does no damage.
You hit the hippogriff.
The hippogriff is poisoned.
The hippogriff is lightly wounded.
The hippogriff bites you!
* * * LOW HITPOINT WARNING * * *
The hippogriff pecks you.
* * * LOW HITPOINT WARNING * * *
The hippogriff closely misses you.
As you read the scroll labeled HEOCIV NUIRAWK, it crumbles to dust.
You feel strangely unstable.
It was a scroll of teleportation.
The hippogriff bites you!
You die...

### ## #.# .#
#.#############H#
#.............@.#
#.#############.#
#.# #.. .# #.#
#[# .# #.# #.####
.# #.# #§§§§# .#
#.# #§§§§# .# #.#
#§§§§# .# #.#
#§§§§#


You could see a hippogriff (very poisoned).

Vanquished Creatures
  A hound (D:4)
  2 orc wizards (D:3)
  A centaur skeleton (D:4)
  A worker ant (D:4)
  An adder (D:4)
  4 dart slugs
  3 leopard geckos
  9 orcs (D:3)
  2 giant cockroaches (D:1)
  A goblin (D:1)
  11 hobgoblins
  8 kobolds
  A quokka (D:4)
  4 bats
  3 frilled lizards
  2 goblin skeletons (D:4)
  2 goblin zombies (D:4)
  A hobgoblin zombie (D:4)
  A kobold skeleton (D:4)
  An orc skeleton (D:4)
  10 rats
69 creatures vanquished.

Notes
Turn   | Place    | Note
-------+----------+-------------------------------------------
     0 | D:1      | Acheron the Vine Stalker Assassin began the quest for the
                  | Orb.
     0 | D:1      | Reached XP level 1. HP: 11/11 MP: 2/2
   186 | D:1      | Reached skill level 5 in Stealth
   396 | D:1      | Reached XP level 2. HP: 15/15 MP: 3/3
   778 | D:1      | Reached skill level 1 in Dodging
   915 | D:1      | Reached XP level 3. HP: 18/18 MP: 4/4
  1297 | D:2      | Found a white marble altar of Elyvilon.
  1535 | D:3      | Found a hide-covered altar of Uskayaw.
  1890 | D:3      | Gained mutation: Your natural rate of healing is unusually
                  | fast. [Vine Stalker growth]
  1890 | D:3      | Reached XP level 4. HP: 21/23 MP: 5/5
  2161 | D:3      | Reached skill level 6 in Stealth
  2169 | D:3      | Reached XP level 5. HP: 26/26 MP: 5/7
  2192 | D:3      | Reached skill level 1 in Polearms
  2641 | D:4      | Found a glowing golden altar of the Shining One.
  2681 | D:4      | Reached skill level 1 in Spellcasting
  2706 | D:4      | Reached XP level 6. HP: 26/32 MP: 4/8
  2719 | D:4      | Noticed a hippogriff
  2797 | D:4      | Mangled by a hippogriff

Illustrated notes

Levels and vault maps discovered:
D:1:      wheals_arrival_linesprint, layout_basic, bh_walls_and_bars
D:2:      layout_rooms, chequers_serial_rivers_micro_d, elyvilon_altar_3
D:3:      layout_loops_ring, eat_drink_and_be_merry_uskayaw
D:4:      layout_basic, nicolae_tso_besieged_by_evil, uniq_sigmund

Skill      XL: |  1  2  3  4  5 |
---------------+----------------+-----
Stealth        | 5 6 |  6.2
Short Blades   | 2 |  2.5
Fighting       | 2 |  2.4
Dodging        | 1 |  1.5
Throwing       | 2 |  2.1
Polearms       | 1 |  1.8
Spellcasting   | 1 |  1.1
Armour         | |  0.6
Evocations     | |  0.8

Action                   |  1- 3 |  4- 6 || total
-------------------------+-------+-------++-------
Melee: Dagger            |    71 |       ||    71
       Bite              |    17 |    18 ||    35
       Trident           |    17 |    67 ||    84
  Use: Scroll            |     5 |     1 ||     6
 Stab: Sleeping          |    18 |     1 ||    19
       Distracted        |       |     1 ||     1
  Eat: Chunk             |     3 |     3 ||     6
Armor: Robe              |    13 |     1 ||    14
       Leather armour    |       |    12 ||    12
Dodge: Dodged            |    48 |    38 ||    86
